 Dungeon Crawl Stone Soup version 0.28.0-53-g5a82cb258f (webtiles) character file.

Game seed: 11995201612714073091

45 Sin92 the Skirmisher (level 3, -1/29 HPs)
             Began as a Demonspawn Fighter on June 13, 2022.
             Slain by a scorpion (7 damage)
             ... on level 4 of the Dungeon.
             The game lasted 00:01:02 (1285 turns).

Sin92 the Skirmisher (Demonspawn Fighter)           Turns: 1285, Time: 00:01:04

Health: -1/29      AC: 10    Str: 16    XL:     3   Next: 42%
Magic:  3/3        EV:  6    Int:  9    God:
Gold:   28         SH:  5    Dex: 14    Spells: 2/2 levels left

rFire   . . .      SeeInvis .   a - +0 trident
rCold   . . .      Faith    .   c - +0 buckler
rNeg    . . .      Spirit   .   f - +0 chain mail
rPois   .          Reflect  .   (helmet restricted)
rElec   .          Harm     .   g - +0 cloak
rCorr   .          Rampage  .   (no gloves)
Will    .....                   (no boots)
Stlth   ..........              (no amulet)
HPRegen 0.09/turn               (no ring)
MPRegen 0.08/turn               (no ring)

@: no status effects
A: antennae 1
a: no special abilities


You were on level 4 of the Dungeon.
You visited 1 branch of the dungeon, and saw 3 of its levels.

You collected 28 gold pieces.

Inventory:

Hand Weapons
 a - a +0 trident (weapon)
Armour
 b - a +0 scale mail
 c - a +0 buckler (worn)
 f - a +0 chain mail (worn)
 g - a +0 cloak (worn)
Potions
 d - a potion of might
 e - a potion of heal wounds {unknown}


   Skills:
 + Level 3.3 Fighting
 + Level 2.2 Polearms
 + Level 3.0 Armour
 + Level 1.1 Dodging
 + Level 3.0 Shields


You had 2 spell levels left.
You didn't know any spells.
Your spell library contained the following spells:

 Spells                   Type           Power      Damage    Failure   Level
 Slow                     Hex            0%         N/A       100%        1
 Confusing Touch          Hex            0%         N/A       100%        3
 Vampiric Draining        Necr           0%         2d6       100%        3


Dungeon Overview and Level Annotations

Branches:
Dungeon (2/15)

Altars:


Innate Abilities, Weirdness & Mutations

You have a pair of small antennae on your head.


Message History

An orc wizard comes into view. It is wielding a +0 dagger.
Unknown command.
There are monsters nearby!
The orc wizard shouts!
You hear a shout!
The kobold throws a poisoned dart.
The poisoned dart hits you!
You are poisoned.
Unknown command.
There are monsters nearby!
You reach to attack!
You miss the kobold.
You feel very sick.
You hit the kobold.
You kill the kobold!
You feel sick.
You reach to attack!
You barely miss the orc wizard.
You feel sick.
You hit the orc wizard but do no damage.
You feel sick.
The orc wizard points at you and mumbles some strange words.
The magic dart hits you.
A scorpion comes into view.
The orc wizard closely misses you.
You puncture the orc wizard!
The orc wizard is heavily wounded.
You feel sick.
The orc wizard hits you but does no damage.
You barely miss the orc wizard.
The orc wizard is heavily wounded.
You feel sick.
You are no longer poisoned.
The orc wizard hits you but does no damage.
You closely miss the orc wizard.
The orc wizard is heavily wounded.
You block the orc wizard's attack.
The scorpion stings you but does no damage.
You hit the orc wizard.
The orc wizard is severely wounded.
The orc wizard gestures at you while chanting.
The puff of flame hits you!
* * * LOW HITPOINT WARNING * * *
The scorpion stings you!
You die...

#......# ##......##
........ #....<.#
#......# #......#
#..so..## #...@...#
...########.#.#####
#.................
####.............#
#...............
#...............
#...............
..............(..
.#................


You could see a scorpion and an orc wizard.

Vanquished Creatures
  An adder (D:2)
  2 bats
  5 endoplasms (D:1)
  3 giant cockroaches
  6 goblins
  2 hobgoblins (D:1)
  A quokka (D:1)
  5 ball pythons
  A frilled lizard (D:2)
  3 kobolds
  A rat (D:2)
30 creatures vanquished.

Notes
Turn   | Place    | Note
-------+----------+-------------------------------------------
     0 | D:1      | Sin92 the Demonspawn Fighter began the quest for the Orb.
     0 | D:1      | Reached XP level 1. HP: 18/18 MP: 1/1
   282 | D:1      | Gained mutation: You have a pair of small antennae on your
                  | head. [demonic ancestry]
   282 | D:1      | Reached XP level 2. HP: 21/24 MP: 2/2
   439 | D:1      | Found a faded altar of an unknown god.
   978 | D:2      | Reached XP level 3. HP: 24/29 MP: 3/3
  1163 | D:2      | Reached skill level 1 in Dodging
  1271 | D:2      | You fall into a shaft and drop 2 floors!
  1281 | D:4      | Noticed a scorpion
  1285 | D:4      | Slain by a scorpion

Illustrated notes

Levels and vault maps discovered:
D:1:      scummos_arrival_gate, layout_rooms,
          hellmonk_ecumenical_altar_inner_sanctum
D:2:      layout_basic, minmay_misc_feat_hallway
D:4:      layout_rooms

Skill      XL: |  1  2  3 |
---------------+----------+-----
Polearms       | 2 |  2.2
Armour         | 3 |  3.0
Dodging        | 1 |  1.1
Shields        | 3 |  3.0
Fighting       | |  3.3

Action                   || total
-------------------------++-------
Melee: Trident           ||   100
Armor: Scale mail        ||    16
       Chain mail        ||    22
Dodge: Dodged            ||    29
Block: Buckler           ||    24
